 Dungeon Crawl Stone Soup version 0.19-a0-1861-g35def1e (webtiles) character file.

3688 Naow the Thaumaturge (level 9, -13/45 HPs)
             Began as a Deep Elf Conjurer on Oct 12, 2016.
             Was a Follower of Vehumet.
             Mangled by a komodo dragon (25 damage)
             ... on level 8 of the Dungeon.
             The game lasted 00:21:40 (8706 turns).

Naow the Thaumaturge (Deep Elf Conjurer)            Turns: 8706, Time: 00:21:41

Health: -13/45     AC:  8    Str:  5    XL:     9   Next: 90%
Magic:  5/27       EV: 13    Int: 24    God:    Vehumet [*.....]
Gold:   395        SH:  0    Dex: 15    Spells: 4 memorised, 20 levels left

rFire  . . .     SeeInvis .     E - +0 short sword
rCold  . . .     Gourm    .     H - +1 steam dragon scales
rNeg   . . .     Faith    .     (no shield)
rPois  .         Spirit   .     (no helmet)
rElec  .         Dismiss  .     G - +1 cloak
rCorr  .         Reflect  .     (no gloves)
MR     .....     Harm     .     (no boots)
Stlth  ++........               (no amulet)
                                (no ring)
                                (no ring)

@: repel missiles
A: no striking features
a: Renounce Religion


You were on level 8 of the Dungeon.
You worshipped Vehumet.
Vehumet was aware of your devotion.
You were not hungry.

You visited 2 branches of the dungeon, and saw 9 of its levels.

You collected 395 gold pieces.

Inventory:

Hand Weapons
 E - a +0 short sword (weapon)
 F - a +5 vampiric hand axe
Armour
 a - a +0 robe
 B - a +0 cloak
 G - a +1 cloak (worn)
 H - +1 steam dragon scales (worn)
Wands
 y - a wand of flame (33/48)
Scrolls
 e - 3 scrolls of magic mapping
 i - 5 scrolls of remove curse
 k - 4 scrolls of identify
 l - a scroll of blinking {unknown}
 n - a scroll of recharging {unknown}
 o - 2 scrolls of enchant armour
 r - 2 scrolls of amnesia {unknown}
 t - 5 scrolls of fog {unknown}
 u - 2 scrolls of enchant weapon {unknown}
 C - a scroll of random uselessness {unknown}
Potions
 d - a potion of heal wounds
 f - a potion of mutation {unknown}
 h - a potion of experience {unknown}
 j - 3 potions of haste
 m - a potion of lignification {unknown}
 p - 4 potions of agility {unknown}
 q - 3 potions of curing {unknown}
 w - 3 potions of degeneration {unknown}
 x - a potion of brilliance {unknown}
 I - a potion of resistance
 J - a potion of beneficial mutation {unknown}
 K - a potion of might {unknown}
Books
 b - a book of Conjurations

   Spells                             Type                      Level
   a - Magic Dart                     Conjuration                  1
   b - Searing Ray                    Conjuration                  2
   c - Dazzling Spray                 Conjuration/Hexes            3
   d - Fulminant Prism                Conjuration/Hexes            4
   e - Iskenderun's Mystic Blast      Conjuration                  4
   f - Iskenderun's Battlesphere      Conjuration/Charms           5
 A - a book of Air

   Spells                             Type                      Level
   a - Shock                          Conjuration/Air              1
   b - Swiftness                      Charms/Air                   2
   c - Repel Missiles                 Charms/Air                   2
   d - Static Discharge               Conjuration/Air              3
   e - Lightning Bolt                 Conjuration/Air              5
Comestibles
 c - 7 bread rations
 g - 7 meat rations
 s - a royal jelly
 v - 5 beef jerkies
 z - a fruit
 D - 2 slices of pizza


   Skills:
 - Level 2.4 Dodging
 - Level 2.6 Stealth
 + Level 12.4 Spellcasting
 - Level 10.8 Conjurations
 - Level 7.4 Charms


You had 20 spell levels left.
You knew the following spells:

 Your Spells              Type           Power        Failure   Level  Hunger
a - Magic Dart            Conj           ####         1%          1    None
b - Iskenderun's Battles  Conj/Chrm      ######..     2%          5    ###....
c - Iskenderun's Mystic   Conj           ######..     1%          4    None
d - Repel Missiles        Chrm/Air       ####..       1%          2    None


Dungeon Overview and Level Annotations

Branches:
Dungeon (8/15)             Temple (1/1) D:6            Lair (0/6) D:8

Altars:
Ashenzari
Cheibriados
Dithmenos
Elyvilon
Fedhas
Gozag
Hepliaklqana
Kikubaaqudgha
Makhleb
Nemelex Xobeh
Okawaru
Qazlal
Ru
Sif Muna
Trog
Vehumet
Xom
Yredelemnul
Zin
The Shining One

Annotations:
D:6 Dowan, Duvessa
D:8 bezhaha's ghost, journeyman FoCK


Message History

Press: ? - help, Shift-Dir - straight line, f/p - bezhaha's ghost
Aim: bezhaha's ghost, wielding a weapon of chaos (magical condensation, moderately damaged)
The orb of energy hits bezhaha's ghost.
Bezhaha's ghost is heavily damaged.
The komodo dragon bites you!! Bezhaha's ghost hits you!
* * * LOW HITPOINT WARNING * * *
Bezhaha's ghost burns you.
* * * LOW HITPOINT WARNING * * *
A swamp drake comes into view.
Casting: Iskenderun's Mystic Blast
Confirm with . or Enter, or press ? or * to list all spells.
Aiming: Iskenderun's Mystic Blast
Press: ? - help, Shift-Dir - straight line, f/p - bezhaha's ghost
Aim: bezhaha's ghost, wielding a weapon of chaos (magical condensation, heavily damaged)
The orb of energy hits bezhaha's ghost.
Bezhaha's ghost is severely damaged.
The swamp drake roars!
The komodo dragon bites you!!
Ouch! That really hurt!
You die...

**** *** *>,* *,**
*,,**** ****,,* # #####
**,,,,****,,,,,,
###...####
**#***,**,,,,,*,
...###..รท######
*.####.,,,,,,,,, ####
####..##.#
*#......,,,,,*,,,
##....###l.....k,**,***,,
##.....@Wt.#**,*,,** *,*
#.###.#####*,,**** **,
### ### *,*** ** ###
###### #####** ###.#
#.##.# #.#.# ....#
#.##.###.#.##### ###.###
#.##.##........#########
#...#
#.##.##..#.###..........
###.#
#.##.##........#########


You could see a komodo dragon, a swamp drake, a crocodile and bezhaha's ghost.

Vanquished Creatures
  The ghost of Gottschkopf the Nimble, a novice DEEE of Vehumet (D:7)
  A hill giant (D:7)
  Grinder (D:5)
  A steam dragon (D:7)
  Menkaure (D:5)
  An ice beast (D:5)
  2 black bears
  2 orc warriors
  2 ogres
  A sky beast (D:6)
  3 centaurs
  A big kobold (D:8)
  2 bullfrogs (D:7)
  2 crimson imps
  A howler monkey (D:6)
  2 hounds
  3 orc priests
  A jelly (D:7)
  6 orc wizards
  A bullfrog skeleton (D:6)
  Ijyb (D:3)
  Terence (D:2)
  3 iguanas
  7 worker ants
  A hound skeleton (D:8)
  Robin (D:3)
  5 gnolls (D:6)
  9 adders
  A shadow imp (D:8)
  An adder skeleton (D:6)
  3 dart slugs
  6 leopard geckos
  32 orcs
  7 bats
  3 giant cockroaches
  12 hobgoblins
  14 jackals
  17 kobolds
  8 quokkas
  2 ball pythons
  7 frilled lizards
  10 goblins
  2 leopard gecko skeletons (D:6)
  A leopard gecko zombie (D:5)
  A quokka zombie (D:5)
  10 rats
200 creatures vanquished.

Notes
Turn   | Place    | Note
-------+----------+-------------------------------------------
     0 | D:1      | Naow the Deep Elf Conjurer began the quest for the Orb.
     0 | D:1      | Reached XP level 1. HP: 10/10 MP: 6/6
   167 | D:1      | Reached XP level 2. HP: 15/15 MP: 4/8
   404 | D:2      | Found a radiant altar of Vehumet.
   421 | D:2      | Reached skill level 4 in Spellcasting
   615 | D:2      | Reached XP level 3. HP: 18/19 MP: 5/10
   775 | D:2      | Noticed Terence
  1148 | D:3      | Noticed Ijyb
  1160 | D:3      | Killed Ijyb
  1160 | D:3      | Reached skill level 5 in Spellcasting
  1160 | D:3      | Reached XP level 4. HP: 24/24 MP: 3/13
  1437 | D:3      | Noticed Robin
  1530 | D:3      | Killed Robin
  1568 | D:3      | Found a faded altar of an unknown god.
  1626 | D:3      | Reached skill level 6 in Spellcasting
  2173 | D:4      | Reached XP level 5. HP: 24/28 MP: 9/16
  2204 | D:4      | Learned a level 5 spell: Iskenderun's Battlesphere
  2209 | D:4      | Learned a level 4 spell: Iskenderun's Mystic Blast
  2223 | D:4      | Reached skill level 1 in Charms
  2807 | D:4      | Reached XP level 6. HP: 19/32 MP: 10/17
  2976 | D:4      | Reached skill level 5 in Charms
  3101 | D:5      | Entered Level 5 of the Dungeon
  3155 | D:5      | Noticed Menkaure
  3217 | D:5      | Noticed Grinder
  3224 | D:5      | Killed Grinder
  3434 | D:5      | Reached XP level 7. HP: 36/36 MP: 8/19
  3627 | D:5      | Reached skill level 5 in Conjurations
  4321 | D:5      | Killed Menkaure
  4446 | D:6      | Noticed Duvessa
  4446 | D:6      | Noticed Dowan
  4759 | D:6      | Learned a level 2 spell: Repel Missiles
  4791 | D:6      | Reached XP level 8. HP: 30/41 MP: 2/20
  5342 | D:6      | Found a sparkling altar of Nemelex Xobeh.
  6089 | D:7      | Noticed Gottschkopf's ghost (novice DEEE)
  6269 | D:6      | Reached skill level 10 in Conjurations
  6377 | D:6      | Found a glowing golden altar of the Shining One.
  6631 | D:6      | Found a staircase to the Ecumenical Temple.
  6664 | Temple   | Entered the Ecumenical Temple
  6812 | D:2      | Became a worshipper of Vehumet
  7047 | D:2      | Killed Terence
  7148 | D:7      | Reached skill level 7 in Spellcasting
  7148 | D:7      | Reached XP level 9. HP: 45/45 MP: 8/21
  7336 | D:7      | Noticed a hill giant
  7341 | D:7      | Killed a hill giant
  7341 | D:7      | Reached skill level 9 in Spellcasting
  7506 | D:7      | Reached skill level 10 in Spellcasting
  7642 | D:7      | Killed Gottschkopf's ghost
  7642 | D:7      | Reached skill level 11 in Spellcasting
  8036 | D:7      | Reached skill level 12 in Spellcasting
  8086 | D:8      | Reached * piety under Vehumet
  8086 | D:8      | Offered knowledge of Sandblast by Vehumet.
  8698 | D:8      | Noticed bezhaha's ghost (journeyman FoCK)
  8700 | D:8      | Noticed a komodo dragon
  8706 | D:8      | Mangled by a komodo dragon

Vault maps used:
D:1:      dpeg_arrival_short_road, st_stairs_7
D:2:      vehumet_crystals, uniq_terence
D:3:      ecumenical_altar_1, minivault_26, uniq_iyjb, uniq_robin
D:4:      first_bread
D:5:      uniq_menkaure, uniq_grinder
D:6:      corexii_shantytown, nicolae_tso_carved_into_rock, serial_glass,
          glass_columns_c, glass_columns_b, nemelex_spade_bored_becter,
          uniq_duvessa
D:8:      erik_lair_dragon
Temple:   nicolae_temple_no_exploring_needed

Skill      XL: |  1  2  3  4  5  6  7  8  9 |
---------------+----------------------------+-----
Spellcasting   | 4 5 6 7 12 | 12.4
Charms         | 4 7 |  7.4
Conjurations   | 7 10 | 10.8
Dodging        | |  2.4
Stealth        | |  2.6

Action                   |  1- 3 |  4- 6 |  7- 9 || total
-------------------------+-------+-------+-------++-------
Melee: Unarmed           |       |    12 |       ||    12
       Short sword       |       |       |    13 ||    13
 Cast: Magic Dart        |    52 |   150 |   252 ||   454
       Iskenderun's Myst |       |     5 |    59 ||    64
       Iskenderun's Batt |       |       |    13 ||    13
       Repel Missiles    |       |       |     1 ||     1
Evoke: Wand              |       |       |     2 ||     2
  Use: Potion            |       |     1 |       ||     1
       Scroll            |       |       |     4 ||     4
  Eat: Chunk             |       |     8 |    18 ||    26
       Bread ration      |       |       |     1 ||     1
Armor: Robe              |     2 |     5 |     8 ||    15
Dodge: Dodged            |     5 |    34 |    70 ||   109
